 Dungeon Crawl Stone Soup version 0.27-a0-65-gfb268537a3 (webtiles) character file.

Game seed: 5497612940569944891

122 jiml777 the Magician (level 4, -4/24 HPs)
             Began as a Deep Elf Air Elementalist on Jan 8, 2021.
             Slain by a hobgoblin
             ... wielding a +0 club
             ... led by Robin
              (7 damage)
             ... on level 2 of the Dungeon.
             The game lasted 00:11:16 (1964 turns).

jiml777 the Magician (Deep Elf Air Elementalist)    Turns: 1964, Time: 00:11:16

Health: -4/24      AC:  3    Str:  5    XL:     4   Next: 78%
Magic:  2/12       EV: 13    Int: 21    God:
Gold:   42         SH:  0    Dex: 15    Spells: 11/12 levels left

rFire    . . .     SeeInvis .   g - +0 dagger
rCold    . . .     Faith    .   (no shield)
rNeg     . . .     Spirit   .   a - +0 robe
rPois    .         Reflect  .   (no helmet)
rElec    .         Harm     .   d - +0 cloak
rCorr    .         Rampage  .   (no gloves)
Will     .....                  (no boots)
Stlth    ++........             (no amulet)
HPRegen  0.08/turn              (no ring)
MPRegen  0.13/turn              (no ring)

@: no status effects
A: no striking features
a: no special abilities


You were on level 2 of the Dungeon.
You visited 1 branch of the dungeon, and saw 2 of its levels.

You collected 42 gold pieces.

Inventory:

Hand Weapons
 g - a +0 dagger (weapon)
Missiles
 f - 26 arrows
 h - 8 boomerangs of dispersal
 l - 17 poisoned darts
Armour
 a - a +0 robe (worn)
 d - a +0 cloak (worn)
Scrolls
 b - 2 scrolls of teleportation {unknown}
 c - 2 scrolls of fear {unknown}
 j - a scroll of enchant armour {unknown}
 k - 2 scrolls of identify {unknown}
 m - a scroll of magic mapping {unknown}
Potions
 e - a potion of invisibility {unknown}
 i - a potion of mutation {unknown}


   Skills:
 + Level 2.6 Dodging
 + Level 3.0 Stealth
 + Level 4.6 Spellcasting
 + Level 2.9 Conjurations
 + Level 3.7 Air Magic


You had 11 spell levels left.
You knew the following spells:

 Your Spells              Type           Power        Failure   Level
a - Shock                 Conj/Air       72%          3%          1

Your spell library contained the following spells:

 Spells                   Type           Power        Failure   Level
 Swiftness                Air            20%          3%          2
 Static Discharge         Conj/Air       18%          9%          3
 Airstrike                Air            10%          24%         4
 Lightning Bolt           Conj/Air       9%           63%         5


Dungeon Overview and Level Annotations

Branches:
Dungeon (2/15)

Altars:


Message History

You miss the adder.
The adder is almost dead.
The adder closely misses you. The goblin closely misses you.
The adder barely misses you.
You barely miss the adder.
The adder is almost dead.
The goblin misses you. The adder bites you.
You hit the adder.
You kill the adder!
The goblin barely misses you.
You hit the goblin.
The goblin is moderately wounded.
The goblin barely misses you. The hobgoblin hits you with a +0 club.
* * * LOW HITPOINT WARNING * * *
You barely miss the goblin.
The goblin is moderately wounded.
The goblin hits you.
* * * LOW HITPOINT WARNING * * *
The hobgoblin hits you with a +0 club!
You die...

...........###.####
############ #.##
#..# ##.## #..#
##.# #.# #g# # #@#
# #g# # .). # ..†.#
# .#.).# ....).#
.#.#.... #........


You could see a hobgoblin (strong) and a goblin (strong).

Vanquished Creatures
  Jessica (D:2)
  Robin (D:2)
  4 adders (D:2)
  A dart slug (D:1)
  2 leopard geckos
  2 giant cockroaches (D:1)
  14 goblins
  6 hobgoblins
  3 bats
  2 frilled lizards (D:1)
  4 kobolds (D:1)
  5 rats (D:1)
45 creatures vanquished.

Notes
Turn   | Place    | Note
-------+----------+-------------------------------------------
     0 | D:1      | jiml777 the Deep Elf Air Elementalist began the quest for
                  | the Orb.
     0 | D:1      | Reached XP level 1. HP: 10/10 MP: 6/6
   322 | D:1      | Reached XP level 2. HP: 15/15 MP: 4/8
  1422 | D:1      | Reached XP level 3. HP: 19/19 MP: 7/10
  1563 | D:2      | Noticed Jessica
  1572 | D:2      | Killed Jessica
  1573 | D:2      | Reached skill level 4 in Spellcasting
  1814 | D:2      | Reached XP level 4. HP: 24/24 MP: 8/12
  1947 | D:2      | Noticed Robin
  1953 | D:2      | Killed Robin
  1964 | D:2      | Slain by a hobgoblin

Illustrated notes

Levels and vault maps discovered:
D:1:      minmay_arrival_up_and_down, layout_basic, minivault_5,
          grunt_decor_junction, hex_intersection
D:2:      layout_basic, serial_glass, glass_columns_c, glass_columns_a,
          uniq_robin, uniq_jessica

Skill      XL: |  1  2  3  4 |
---------------+-------------+-----
Spellcasting   | 4 |  4.6
Conjurations   | 2 |  2.9
Stealth        | 3 |  3.0
Dodging        | |  2.6
Air Magic      | |  3.7

Action                   |  1- 3 |  4- 6 || total
-------------------------+-------+-------++-------
Melee: Unarmed           |     5 |       ||     5
       Dagger            |       |     5 ||     5
 Cast: Shock             |    67 |    15 ||    82
Armor: Robe              |     3 |     6 ||     9
Dodge: Dodged            |     8 |    19 ||    27

Table legend: (Time is in decaauts)
 A = Elapsed time spent in this place.
 B = Non-inter-level travel time spent in this place.
 C = Inter-level travel time spent in this place.
 D = Time resting spent in this place.
 E = Time spent auto-exploring this place.
 F = Levels seen in this place.
 G = Mean time per level.
                   A        B        C        D        E       F      G
               +--------+--------+--------+--------+--------+-----+--------+
         Total |   1963 |   1907 |     56 |    719 |    914 |   2 |  981.5 |
       Dungeon |   1963 |   1907 |     56 |    719 |    914 |   2 |  981.5 |
               +--------+--------+--------+--------+--------+-----+--------+

Top non-repeatable levels by time:
     D:1: 1559 daAuts
     D:2: 403 daAuts
